 Dungeon Crawl Stone Soup version 0.26-b1-45-g23770d1d51 (webtiles) character file.

Game seed: 9175634205868402262

17063 hatsuma the Zephyrmancer (level 12, -4/70 HPs)
             Began as a Tengu Air Elementalist on Jan 6, 2021.
             Was a High Priest of Sif Muna.
             Slain by a death yak simulacrum (38 damage)
             ... in an ice cave on Jan 7, 2021.
             The game lasted 02:47:45 (20875 turns).

hatsuma the Zephyrmancer (Tengu Air Elementalist)  Turns: 20875, Time: 02:47:46

Health: -4/70      AC: 12    Str:  8    XL:     12   Next: 44%
Magic:  4/22       EV: 20    Int: 29    God:    Sif Muna [*****.]
Gold:   890        SH:  0    Dex: 23    Spells: 4/23 levels left

rFire    . . .     SeeInvis .   s - +4 battleaxe "Umer" {protect, rC+ rN+ Will+ Dex+7}
rCold    . . .     Faith    .   (shield currently unavailable)
rNeg     + . .     Spirit   .   D - +0 swamp dragon scales
rPois    +         Reflect  .   (helmet restricted)
rElec    .         Harm     .   (no cloak)
rCorr    .         Rampage  .   a - +2 pair of gloves
Will     +....                  (boots unavailable)
Stlth    +++.......             y - amulet "Bishea" {Acrobat rC- Int+4}
HPRegen  0.21/turn              l - +4 ring of evasion
MPRegen  0.18/turn              B - ring of Elyvilon's Indignation {rPois Int+5}

@: flying quickly and evasively, quick
A: beak, talons 3, able to fly
a: Stop Flying, Renounce Religion, Channel Magic, Forget Spell, Divine Exegesis


You were in an ice cave.
You worshipped Sif Muna.
Sif Muna was extremely pleased with you.
You visited 2 branches of the dungeon, and saw 13 of its levels.
You also visited: Ice Cave.

You collected 890 gold pieces.

Inventory:

Hand Weapons
 s - the +4 battleaxe "Umer" (weapon) {protect, rC+ rN+ Will+ Dex+7}
   (You found it on level 7 of the Dungeon)

   It grants its wielder temporary protection when it strikes (+7 to AC).
   It affects your dexterity (+7).
   It protects you from cold.
   It protects you from negative energy.
   It affects your willpower, your defense against some magical effects.
 u - the +1 short sword of Dissolution {freeze, Will+}
   (You found it on level 4 of the Dungeon)

   It has been specially enchanted to freeze those struck by it, causing extra
   injury to most foes and up to half again as much damage against particularly
   susceptible opponents.
   It can also slow down cold-blooded creatures.
   It affects your willpower, your defense against some magical effects.
Missiles
 h - 539 stones
 v - 34 poisoned darts (quivered)
Armour
 a - a +2 pair of gloves (worn)
 p - a +1 leather armour
 q - a +0 kite shield
 D - +0 swamp dragon scales (worn)
Jewellery
 i - an uncursed amulet of reflection
 l - a +4 ring of evasion (left hand)
 n - an uncursed ring of positive energy
 y - the amulet "Bishea" (around neck) {Acrobat rC- Int+4}
   (You found it on level 4 of the Dungeon)

   [amulet of the acrobat]

   It helps you evade while moving and waiting.
   It affects your intelligence (+4).
   It makes you vulnerable to cold.
 B - the ring of Elyvilon's Indignation (right hand) {rPois Int+5}
   (You found it on level 6 of the Dungeon)

   [ring of poison resistance]

   It affects your intelligence (+5).
   It protects you from poison.
 L - a +6 ring of dexterity
Wands
 z - a wand of random effects (41)
 E - a wand of enslavement (8)
 F - a wand of flame (11)
 G - a wand of acid (2)
 K - a wand of digging (6)
 N - a wand of paralysis (9)
Scrolls
 b - 2 scrolls of fog
 c - 2 scrolls of magic mapping
 e - 6 scrolls of teleportation
 j - 2 scrolls of amnesia
 t - a scroll of enchant weapon
 w - 8 scrolls of remove curse
 C - 3 scrolls of blinking
 H - 2 scrolls of silence
 M - 2 scrolls of fear
Potions
 d - 3 potions of heal wounds
 f - 5 potions of resistance
 g - a potion of ambrosia
 k - 2 potions of attraction
 m - 3 potions of mutation
 o - a potion of berserk rage
 r - 6 potions of curing
 x - 2 potions of brilliance
 A - a potion of haste
 I - a potion of cancellation
 J - a potion of flight {unknown}


   Skills:
 - Level 6.0 Fighting
 - Level 5.1 Axes
 - Level 5.9 Armour
 - Level 5.3 Dodging
 - Level 7.2 Stealth
 - Level 6.0 Spellcasting
 - Level 8.0 Conjurations
 - Level 7.1 Summonings
 - Level 13.0 Air Magic
 - Level 3.3 Invocations
 + Level 5.2 Evocations


You had 4 spell levels left.
You knew the following spells:

 Your Spells              Type           Power        Failure   Level
a - Shock                 Conj/Air       100%         1%          1
b - Swiftness             Air            71%          1%          2
c - Static Discharge      Conj/Air       63%          1%          3
d - Airstrike             Air            35%          1%          4
e - Lightning Bolt        Conj/Air       31%          5%          5
f - Summon Lightning Spi  Summ/Air       61%          2%          4

Your spell library contained the following spells:

 Spells                   Type           Power        Failure   Level
 Summon Small Mammal      Summ           100%         1%          1
 Call Imp                 Summ           49%          1%          2
 Corpse Rot               Necr/Air       N/A          1%          2
 Poisonous Vapours        Pois/Air       92%          1%          2
 Call Canine Familiar     Summ           49%          2%          3
 Summon Guardian Golem    Hex/Summ       29%          11%         3
 Corona                   Hex            8%           16%         1
 Slow                     Hex            8%           22%         2
 Summon Ice Beast         Ice/Summ       29%          34%         4
 Confusing Touch          Hex            8%           41%         3
 Gell's Gravitas          Tloc           4%           41%         3
 Inner Flame              Hex/Fire       8%           41%         3
 Portal Projectile        Hex/Tloc       16%          41%         3
 Cause Fear               Hex            4%           83%         4
 Leda's Liquefaction      Hex/Erth       4%           83%         4
 Petrify                  Tmut/Erth      8%           83%         4
 Conjure Ball Lightning   Conj/Air       31%          30%         6
 Metabolic Englaciation   Hex/Ice        4%           99%         5
 Yara's Violent Unravell  Hex/Tmut       4%           99%         5
 Chain Lightning          Conj/Air       31%          100%        8
 Tornado                  Air            35%          100%        9


Dungeon Overview and Level Annotations

Branches:
Dungeon (10/15)            Temple (0/1) D:7            Lair (3/6) D:10
 Spider (0/4) Lair:3          Orc (0/2) D:10          IceCv (1/1)
  Swamp: Lair:2-4    Shoals: Lair:2-4

Altars:
Makhleb
Nemelex Xobeh
Okawaru
Sif Muna
Trog
Vehumet
Xom
Yredelemnul

Shops:
D:6 (   D:10 }:}

Annotations:
D:5 2 transporters, 2 runed translucent doors, raceaflais's ghost, weakling SpDe
D:7 exclusion: Joseph
Lair:1 3 runed translucent doors, Bukhlaj's ghost, journeyman HOFi; Ceckukk's ghost, journeyman GrEE; Firil's ghost, journeyman OpFE


Innate Abilities, Weirdness & Mutations

You have a beak for a mouth.
You have claws for feet.
You can fly continuously.


Message History

You kill the white imp!
Sif Muna accepts your kill.
You closely miss the white imp. You hit the white imp.
You closely miss the white imp. The white imp closely misses you.
The white imp completely misses you. The white imp barely misses you.
The white imp completely misses you. x3
There is a frozen archway here.
The white imp hits you but does no damage.
The white imp gestures at you. The puff of frost hits you.
The white imp closely misses you.
The world spins around you as you enter the gateway.
You enter an ice cave! 4 simulacra come into view.
Found an ice covered gate leading back out of this place.
There is an ice choked empty arch of ancient stone here.
You start removing your amulet.
You continue taking off the amulet "Bishea" {Acrobat rC- Int+4}. x4
The death yak simulacrum gores you. The death yak simulacrum freezes you!!!
Ouch! That really hurt!
You die...

#### ##..##
###....##
..##.......#
.....ZZ@.∩.#
#....Z.....#
##.Z##....##
## ##..##
####


You could see a wolf simulacrum, 2 death yak simulacra and a swamp dragon
simulacrum.

Vanquished Creatures
  Harold (D:7)
  A two-headed ogre (D:9)
  Sonja (Lair:3)
  Pikel (D:4)
  Joseph (D:7)
  2 black mambas (Lair:2)
  4 cane toads
  A gargoyle (D:9)
  A rime drake (Lair:1)
  3 komodo dragons
  A demonic crawler (Lair:3)
  3 blink frogs (Lair:1)
  Sigmund (D:5)
  A wyvern (Lair:2)
  9 yaks
  A soldier ant (D:10)
  Edmund (D:4)
  7 water moccasins
  2 orc warriors
  2 sky beasts
  4 black bears
  4 ice beasts
  3 wolves (Lair:3)
  4 ogres
  3 centaurs
  7 bullfrogs
  A gnoll sergeant (D:10)
  Blork the orc (D:5)
  3 scorpions
  7 killer bees
  8 wights (D:6)
  3 howler monkeys
  2 jellies
  A centaur zombie (D:7)
  3 hounds
  A quasit (D:8)
  2 bullfrog zombies
  A centaur skeleton (D:4)
  6 orc priests
  2 bullfrog skeletons
  A gnoll shaman (D:7)
  2 iguanas
  Natasha (thrice) (D:2)
  5 hell rats (Lair:2)
  10 orc wizards
  8 worker ants
  2 hound zombies (D:7)
  3 hound skeletons
  2 worker ant zombies
  7 gnolls
  16 adders
  A howler monkey skeleton (D:5)
  A shadow imp (D:8)
  2 white imps (Lair:3)
  An ufetubus (D:5)
  An ooze (D:5)
  An adder zombie (D:7)
  An adder skeleton (D:5)
  3 worms
  16 dart slugs
  8 leopard geckos
  28 orcs
  3 ball pythons (D:2)
  A giant cockroach (D:3)
  11 goblins
  9 hobgoblins
  9 jackals
  4 quokkas
  A ball python skeleton (D:5)
  5 bats
  3 frilled lizards
  A giant cockroach zombie (D:5)
  15 kobolds
  A leopard gecko zombie (D:5)
  2 quokka skeletons
  11 rats
  A toadstool (D:2)
309 creatures vanquished.

Vanquished Creatures (collateral kills)
  Maggie (D:8)
  A cane toad (Lair:3)
  A yaktaur (D:10)
  A rime drake (Lair:1)
  A polar bear (Lair:1)
  5 blink frogs
  4 yaks
  A basilisk (Lair:3)
  3 water moccasins
  3 orc warriors (D:10)
  An ogre (D:10)
  A centaur (D:10)
  6 wolves (Lair:3)
  A bullfrog (Lair:3)
  A wyvern zombie (D:10)
  A scorpion (Lair:3)
  A killer bee (D:9)
  A hound (D:10)
  An orc priest (D:10)
  A hell rat (Lair:2)
  An adder (D:10)
  2 gnolls (D:10)
  A shadow imp (D:10)
  7 white imps (Lair:3)
  An orc (D:10)
  A giant cockroach (Lair:3)
49 creatures vanquished.

Vanquished Creatures (others)
  A black bear (D:7)
  An ice beast (D:7)
  A sky beast (D:7)
  A big kobold (D:7)
  A hound simulacrum (D:7)
  An adder skeleton (D:7)
  7 kobolds (D:7)
  39 fungi
  36 plants
  3 toadstools (D:2)
  2 withered plants (Lair:1)
93 creatures vanquished.

Grand Total: 451 creatures vanquished

Notes
Turn   | Place    | Note
-------+----------+-------------------------------------------
     0 | D:1      | hatsuma the Tengu Air Elementalist began the quest for the
                  | Orb.
     0 | D:1      | Reached XP level 1. HP: 10/10 MP: 4/4
   410 | D:1      | Reached skill level 1 in Fighting
   469 | D:1      | Reached XP level 2. HP: 2/16 MP: 0/6
  1040 | D:1      | Learned a level 2 spell: Swiftness
  1287 | D:1      | Reached XP level 3. HP: 21/21 MP: 4/7
  1789 | D:2      | Noticed Natasha
  1793 | D:2      | Killed Natasha
  1794 | D:2      | Reached XP level 4. HP: 26/26 MP: 3/8
  1798 | D:2      | Learned a level 3 spell: Static Discharge
  1816 | D:2      | Noticed Natasha
  1819 | D:2      | Killed Natasha
  2141 | D:2      | Reached skill level 5 in Conjurations
  2413 | D:2      | Noticed Natasha
  2418 | D:2      | Killed Natasha
  2419 | D:2      | Gained mutation: You can fly continuously. [Tengu growth]
  2419 | D:2      | Reached XP level 5. HP: 21/30 MP: 1/9
  3403 | D:3      | Reached skill level 5 in Air Magic
  3716 | D:3      | Reached XP level 6. HP: 35/35 MP: 5/10
  4098 | D:4      | Reached skill level 6 in Air Magic
  4843 | D:4      | Got a pitted short sword
  4862 | D:4      | Reached XP level 7. HP: 40/40 MP: 5/12
  4867 | D:4      | Learned a level 4 spell: Airstrike
  4945 | D:4      | Identified the +1 short sword of Dissolution {freeze,
                  | Will+} (You found it on level 4 of the Dungeon)
  5413 | D:4      | Found a burning altar of Makhleb.
  5413 | D:4      | Found a shimmering blue altar of Sif Muna.
  5418 | D:4      | Found an iron altar of Okawaru.
  5420 | D:4      | Found a sparkling altar of Nemelex Xobeh.
  5421 | D:4      | Found a bloodstained altar of Trog.
  5467 | D:4      | Became a worshipper of Sif Muna the Loreminder
  5779 | D:4      | Noticed Edmund
  5833 | D:4      | Killed Edmund
  5834 | D:4      | Reached skill level 7 in Air Magic
  5921 | D:4      | Got a scorched ruby amulet
  6030 | D:4      | Noticed Pikel
  6069 | D:4      | Killed Pikel
  6070 | D:4      | Reached skill level 10 in Air Magic
  6070 | D:4      | Reached XP level 8. HP: 44/44 MP: 2/13
  6190 | D:4      | Identified the amulet "Bishea" {Acrobat rC- Int+4} (You
                  | found it on level 4 of the Dungeon)
  6213 | D:5      | Entered Level 5 of the Dungeon
  6368 | D:5      | Noticed Sigmund
  6589 | D:5      | Noticed raceaflais's ghost (weakling SpDe)
  6601 | D:5      | Found a transporter.
  6723 | D:5      | Reached * piety under Sif Muna
  6980 | D:5      | Found a transporter.
  6989 | D:5      | Noticed Blork the orc
  7013 | D:5      | Killed Blork the orc
  7597 | D:5      | Reached XP level 9. HP: 50/51 MP: 12/17
  7603 | D:5      | Learned a level 5 spell: Lightning Bolt
  7609 | D:5      | Found a runed translucent door.
  7628 | D:5      | Found a runed translucent door.
  7741 | D:5      | Killed Sigmund
  8293 | D:6      | Found a shimmering altar of Xom.
  8304 | D:6      | Reached skill level 5 in Spellcasting
  8389 | D:6      | Found a shimmering altar of Xom.
  8390 | D:6      | Found a shimmering altar of Xom.
  8390 | D:6      | Found a shimmering altar of Xom.
  8417 | D:6      | Reached skill level 1 in Summonings
  8603 | D:6      | Found Cukkir's Antique Weapon Boutique.
  9263 | D:6      | Reached skill level 5 in Dodging
  9564 | D:6      | Reached skill level 5 in Summonings
 10113 | D:6      | Got a coiled tin ring
 10180 | D:6      | Identified the ring of Elyvilon's Indignation {rPois Int+5}
                  | (You found it on level 6 of the Dungeon)
 10191 | D:7      | Noticed Harold
 10387 | D:7      | Reached ** piety under Sif Muna
 10620 | D:7      | Killed Harold
 10621 | D:7      | Reached XP level 10. HP: 39/56 MP: 1/19
 10626 | D:7      | Learned a level 4 spell: Summon Lightning Spire
 10863 | D:7      | Noticed Joseph
 10869 | D:7      | Found a staircase to the Ecumenical Temple.
 11179 | D:7      | Killed Joseph
 11447 | D:7      | Noticed a red ugly thing
 11619 | D:7      | Found a radiant altar of Vehumet.
 11638 | D:7      | Got a translucent battleaxe
 11646 | D:7      | Identified the +4 battleaxe "Umer" {protect, rC+ rN+ Will+
                  | Dex+7} (You found it on level 7 of the Dungeon)
 12015 | D:8      | Reached skill level 5 in Fighting
 12501 | D:8      | Found a basalt altar of Yredelemnul.
 12754 | D:8      | Noticed Maggie
 12762 | D:8      | Killed Maggie
 12763 | D:8      | Reached skill level 11 in Air Magic
 13805 | D:9      | Reached skill level 1 in Armour
 13996 | D:9      | Noticed a two-headed ogre
 14038 | D:9      | Killed a two-headed ogre
 14267 | D:9      | Noticed a gargoyle
 14281 | D:9      | Killed a gargoyle
 14282 | D:9      | Reached XP level 11. HP: 63/63 MP: 4/21
 14666 | D:9      | Reached skill level 12 in Air Magic
 15104 | D:10     | Entered Level 10 of the Dungeon
 15190 | D:10     | Reached *** piety under Sif Muna
 15632 | D:10     | Found a staircase to the Lair.
 15688 | D:10     | Found Fusuiffu's Gadget Boutique.
 16308 | D:10     | Found a staircase to the Orcish Mines.
 16388 | D:10     | Found Ygoahag's Book Shop.
 16919 | D:10     | Found Gimos's Gadget Shoppe.
 17133 | Lair:1   | Entered Level 1 of the Lair of Beasts
 17434 | Lair:1   | Reached skill level 5 in Armour
 18147 | Lair:1   | Found a runed translucent gate.
 18148 | Lair:1   | Found a runed translucent gate.
 18148 | Lair:1   | Noticed Firil's ghost (journeyman OpFE)
 18149 | Lair:1   | Found a runed translucent gate.
 18149 | Lair:1   | Noticed Bukhlaj's ghost (journeyman HOFi)
 18149 | Lair:1   | Noticed Ceckukk's ghost (journeyman GrEE)
 18150 | Lair:1   | Noticed Firil's ghost (journeyman OpFE)
 18465 | Lair:1   | Reached **** piety under Sif Muna
 19255 | Lair:2   | Reached XP level 12. HP: 60/70 MP: 5/22
 19563 | Lair:2   | Reached skill level 5 in Axes
 20037 | Lair:2   | Reached skill level 13 in Air Magic
 20274 | Lair:3   | Reached skill level 5 in Stealth
 20507 | Lair:3   | Noticed a five-headed hydra
 20678 | Lair:3   | Noticed Sonja
 20685 | Lair:3   | Killed Sonja
 20829 | Lair:3   | Found a frozen archway.
 20839 | Lair:3   | Reached ***** piety under Sif Muna
 20849 | Lair:3   | Identified Gaiwoig's Tome of Flight (Sif Muna gifted it to
                  | you on level 3 of the Lair of Beasts)
 20849 | Lair:3   | Received a gift from Sif Muna
 20850 | Lair:3   | Reached skill level 5 in Evocations
 20870 | IceCv    | Entered an ice cave
 20875 | IceCv    | Slain by a death yak simulacrum

Illustrated notes

Levels and vault maps discovered:
D:1:      psy_arrival_radial02, layout_basic, minmay_splitting_lines,
          chequers_avenue, minmay_octomino_e4
D:2:      layout_loops_ring, minmay_gold_behind_fungi, uniq_natasha
D:3:      minmay_chambers_of_threes, layout_basic
D:4:      kennysheep_slugbush, layout_basic,
          chequers_temple_overflow_minitemple, uniq_pikel, uniq_edmund
D:5:      lemuel_insect_pit, layout_loops_ring, gammafunk_ghost_stat_death,
          uniq_sigmund, uniq_blork_the_orc
D:6:      layout_basic, xom_redecorated, serial_shops, shop
D:7:      nzn_winding_woodlands_medium [nzn_winding_woodlands_hourglass,
          nzn_winding_woodlands_5x15_eye,
          nzn_winding_woodlands_5x5_checkerboard,
          nzn_winding_woodlands_5x5_three,
          nzn_winding_woodlands_center_diamonds,
          nzn_winding_woodlands_5x5_default,
          nzn_winding_woodlands_5x5_closed_star,
          nzn_winding_woodlands_5x15_garden, nzn_winding_woodlands_5x5_default],
          layout_rooms, fiery_altar_vehumet, temple_doors_e,
          lemuel_flamethrower_1, uniq_joseph, uniq_harold
D:8:      layout_basic, yredelemnul_altar_generic, hangedman_decor_growths,
          uniq_maggie
D:9:      layout_basic, nicolae_straight_to_the_point
D:10:     layout_irregular_city, lair_entry_dummy, david_orc_4, serial_shops,
          shop, nicolae_shop_stone, nicolae_shop_trees, minmay_sticks_and_stones
Lair:1:   layout_long_grid, gammafunk_ghost_cemetery, grunt_megastairs_2,
          lemuel_fruit_fields
Lair:2:   layout_loops_ring, grunt_forest_small_clearing_treed
Lair:3:   layout_long_grid, nicolae_spider_entry_non_spiders,
          portal_ice_cave_entry_imps, minivault_23, grunt_megastairs_1,
          uniq_sonja
IceCv:    ice_cave_small_necro

Skill      XL: |  1  2  3  4  5  6  7  8  9 10 11 12 |
---------------+-------------------------------------+-----
Fighting       | 1 2 3 4 5 6 |  6.0
Conjurations   | 2 4 5 6 7 8 |  8.0
Air Magic      | 5 6 10 11 12 13 | 13.0
Spellcasting   | 3 4 5 6 |  6.0
Dodging        | 5 |  5.3
Summonings     | 5 6 7 |  7.1
Evocations     | 4 5 |  5.2
Armour         | 1 5 |  5.9
Invocations    | 3 |  3.3
Stealth        | 4 7 |  7.2
Axes           | 4 5 |  5.1

Action                   |  1- 3 |  4- 6 |  7- 9 | 10-12 || total
-------------------------+-------+-------+-------+-------++-------
Melee: Unarmed           |     3 |       |       |       ||     3
       Kick              |     2 |    10 |    21 |    36 ||    69
       Short sword       |    17 |    50 |    83 |    32 ||   182
       Peck              |     1 |     2 |    12 |    14 ||    29
       Battleaxe         |       |       |       |    73 ||    73
Throw: Dart              |       |       |     3 |       ||     3
 Cast: Shock             |    48 |    95 |   118 |    51 ||   312
       Static Discharge  |       |    13 |    27 |    39 ||    79
       Airstrike         |       |       |    38 |   103 ||   141
       Lightning Bolt    |       |       |     6 |    24 ||    30
       Summon Lightning  |       |       |       |    27 ||    27
 Abil: Fly               |       |     1 |       |       ||     1
  Use: Scroll            |     2 |     2 |    10 |    14 ||    28
 Stab: Sleeping          |     3 |     1 |     2 |     3 ||     9
       Distracted        |     1 |       |       |     4 ||     5
Armor: Robe              |     2 |     6 |       |       ||     8
       Leather armour    |       |     3 |    21 |    11 ||    35
       Swamp dragon scal |       |       |       |    45 ||    45
Dodge: Dodged            |     9 |    51 |   118 |   265 ||   443
Block: Other             |     2 |    23 |     1 |       ||    26
       Reflection        |     1 |       |       |       ||     1
